 Dungeon Crawl Stone Soup version 0.31-a0-716-gc7603755dd (webtiles) character file.

Game seed: 15054731545620843294

3110 AdnanSaban the Basher (level 9, -8/56 HPs)
             Began as a Gargoyle Fighter on Sept 10, 2023.
             Mangled by an orc knight
             ... wielding a +0 war axe
              (14 damage)
             ... in a bailey.
             The game lasted 00:10:45 (6279 turns).

AdnanSaban the Basher (Gargoyle Fighter)            Turns: 6279, Time: 00:10:46

Health: -8/56      AC: 22    Str: 24    XL:     9   Next: 91%
Magic:  0/9        EV:  9    Int:  9    God:
Gold:   303        SH:  5    Dex:  9    Spells: 8/8 levels left

rFire   . . .        a - +0 flail
rCold   . . .        c - +0 buckler
rNeg    + . .        G - +4 chain mail
rPois   ∞            (no helmet)
rElec   +            i - +0 cloak
rCorr   .            (no gloves)
SInv    .            (no boots)
Will    .....        w - amulet of guardian spirit Stlth
                     (no ring)
HPRegen 0.29/turn    (no ring)
MPRegen 0.11/turn

%: guardian spirit
@: no status effects
A: sickness immunity, AC +6, negative energy resistance 1, electricity
resistance, torment resistance 1, petrification resistance
a: no special abilities


You were in a bailey.
You visited 2 branches of the dungeon, and saw 8 of its levels.
You also visited: Ossuary and Bailey.

You collected 303 gold pieces.

Inventory:

Hand Weapons
 a - a +0 flail (weapon)
Missiles
 s - 5 javelins
 C - 2 throwing nets (quivered)
 D - 12 poisoned darts
 H - 5 boomerangs
Armour
 c - a +0 buckler (worn)
 i - a +0 cloak (worn)
 G - a +4 chain mail (worn)
Jewellery
 w - an amulet of guardian spirit (around neck)
Scrolls
 b - a scroll of amnesia {unknown}
 e - 3 scrolls of teleportation {unknown}
 f - 2 scrolls of fog {unknown}
 g - 5 scrolls of fear {unknown}
 o - a scroll of torment {unknown}
 q - 2 scrolls of revelation {unknown}
 r - 4 scrolls of identify {unknown}
 t - a scroll of vulnerability {unknown}
 u - a scroll of brand weapon {unknown}
 v - 4 scrolls of immolation {unknown}
 y - a scroll of noise {unknown}
 A - a scroll of blinking {unknown}
 B - a scroll of enchant weapon {unknown}
Potions
 d - 3 potions of might
 h - 3 potions of mutation {unknown}
 j - 4 potions of haste {unknown}
 k - 4 potions of magic {unknown}
 l - 3 potions of lignification {unknown}
 m - 4 potions of curing {unknown}
 n - 4 potions of enlightenment {unknown}
 p - 4 potions of attraction {unknown}
 x - a potion of degeneration {unknown}
 z - 2 potions of heal wounds {unknown}
 E - a potion of brilliance {unknown}
 F - a potion of cancellation {unknown}


   Skills:
 + Level 6.5 Fighting
 + Level 9.3 Maces & Flails
 + Level 7.1 Armour
 + Level 3.5 Dodging
 + Level 1.2 Stealth
 + Level 5.6 Shields


You had 8 spell levels left.
You didn't know any spells.
Your spell library contained the following spells:

 Spells                   Type           Power      Damage    Failure   Level
 Magic Dart               Conj           0%         1d3       93%         1
 Summon Small Mammal      Summ           0%         N/A       93%         1
 Searing Ray              Conj           0%         2d4       98%         2
 Call Canine Familiar     Summ           0%         N/A       100%        3
 Hailstorm                Conj/Ice       0%         3d3       100%        3
 Inner Flame              Hex/Fire       0%         N/A       100%        3
 Ozocubu's Armour         Ice            0%         N/A       100%        3
 Summon Guardian Golem    Hex/Summ       0%         N/A       100%        3
 Flame Wave               Conj/Fire      0%         2d4       100%        4
 Fulminant Prism          Conj/Hex       0%         3d5       100%        4
 Sticky Flame             Conj/Fire      0%         2d3       100%        4
 Summon Ice Beast         Ice/Summ       0%         N/A       100%        4
 Metabolic Englaciation   Hex/Ice        0%         N/A       100%        5
 Simulacrum               Ice/Necr       0%         N/A       100%        6


Dungeon Overview and Level Annotations

Branches:
Dungeon (7/15)             Temple (1/1) D:6         Ossuary (visited)
 Bailey (1/1)

Altars:
Ashenzari
Cheibriados
Dithmenos
Elyvilon
Fedhas
Gozag
Hepliaklqana
Kikubaaqudgha
Makhleb
Nemelex Xobeh
Qazlal
Ru
Sif Muna
Trog
Uskayaw
Vehumet
Wu Jian
Xom
Yredelemnul
Zin
The Shining One

Annotations:
D:5 2 transporters
D:6 Jeremiah


Innate Abilities, Weirdness & Mutations

You are immune to sickness and miasma.
Your stone body is resilient. (AC +6)
You are immune to poison.
You resist negative energy. (rN+)
You are resistant to electric shocks. (rElec)
You are resistant to unholy torment.
You are immune to petrification.


Message History

You barely miss the orc warrior.
The orc warrior is almost dead.
The orc hits you with a +0 hand axe. The orc warrior barely misses you.
You closely miss the orc warrior.
The orc warrior is almost dead.
The orc barely misses you. You block the orc warrior's attack.
You hit the orc warrior but do no damage.
The orc warrior is almost dead.
A kobold comes into view.
The orc splashes around in the water.
You closely miss the orc warrior.
The orc warrior is almost dead.
The orc warrior closely misses you. The orc barely misses you.
You hit the orc warrior.
The orc warrior is almost dead.
The orc warrior hits you with a +0 war axe.
The orc barely misses you.
You barely miss the orc warrior.
The orc warrior is almost dead.
The orc warrior hits you but does no damage.
The orc hits you but does no damage.
The orc warrior hits you with a +0 war axe!
* * * LOW HITPOINT WARNING * * *
You barely miss the orc warrior.
The orc warrior is almost dead.
An orc knight comes into view. It is wielding a +0 war axe.
The orc splashes around in the water.
The orc knight shouts!
You hit the orc warrior.
You kill the orc warrior!
You block the orc's attack.
You hit the goblin but do no damage. The goblin barely misses you.
The orc hits you but does no damage.
You closely miss the goblin.
The orc knight hits you with a +0 war axe!
* * * LOW HITPOINT WARNING * * *
The goblin misses you.
You barely miss the goblin.
The orc splashes around in the water.
The orc knight hits you with a +0 war axe!
You die...

....#....)'......♣
....#..)..')..∩.∩♣
...o#.....'†.....♣
.8.8##..).#.....♣♣
...?o#....##....♣
...)~#.....##...♣
#~~~##......##≈≈♣
.#########(.......#≈≈♣
.'...Kg@o...8..8..#≈≈♣
.#~~~Ko#..........# ≈♣
#~~~~g#.........##
#~~~~~##...8...##
#...... ##.....##
....... ##...##
♣♣..... #### ♣♣♣∩♣♣


You could see an orc knight, an orc, a hobgoblin, a goblin and 2 kobolds.

Vanquished Creatures
  A wyvern (D:7)
  Eustachio (D:5)
  The ghost of kuniqs the Trooper, an amateur DsFi (D:4)
  2 water moccasins (D:7)
  3 orc warriors (Bailey)
  2 ice beasts (D:6)
  A black bear (D:5)
  An ogre (D:6)
  A kobold brigand (D:7)
  A phantom (D:5)
  2 bullfrogs (D:6)
  9 scorpions (Ossuary)
  4 killer bees
  3 centaur zombies (Ossuary)
  2 hounds (D:5)
  A jelly (D:6)
  2 human zombies (Ossuary)
  A sleepcap (D:5)
  An iguana (D:5)
  4 orc wizards
  4 scorpion zombies (Ossuary)
  3 mummies (Ossuary)
  11 gnolls
  10 adders
  2 river rats (D:4)
  A shadow imp (D:6)
  2 worms (D:4)
  4 dart slugs
  8 orcs
  7 endoplasms
  9 giant cockroaches
  2 gnoll zombies (Ossuary)
  10 goblins
  11 hobgoblins
  5 jackals
  16 kobolds
  3 quokkas
  5 ball pythons
  5 bats
  4 frilled lizards
  A goblin zombie (Ossuary)
  4 hobgoblin zombies (Ossuary)
  A kobold zombie (Ossuary)
  2 orc zombies (Ossuary)
  6 rats
179 creatures vanquished.

Notes
Turn   | Place    | Note
-------+----------+-------------------------------------------
     0 | D:1      | AdnanSaban the Gargoyle Fighter began the quest for the
                  | Orb.
     0 | D:1      | Reached XP level 1. HP: 14/14 MP: 1/1
    39 | D:1      | Reached XP level 2. HP: 19/20 MP: 2/2
   283 | D:1      | Reached XP level 3. HP: 18/24 MP: 3/3
   894 | D:2      | Reached XP level 4. HP: 29/29 MP: 4/4
  1027 | D:2      | Reached skill level 1 in Stealth
  1036 | D:2      | Reached skill level 3 in Maces & Flails
  1258 | D:2      | You fall into a shaft and drop 1 floor!
  1529 | D:3      | Reached XP level 5. HP: 31/33 MP: 5/5
  1724 | D:3      | Found an opulent altar of Gozag.
  2314 | D:4      | Found a runed translucent door.
  2315 | D:4      | Noticed kuniqs's ghost (amateur DsFi)
  2331 | D:4      | Found an ancient bone altar of Kikubaaqudgha.
  2333 | D:4      | Found a blossoming altar of Fedhas.
  2529 | D:4      | Found a sand-covered staircase.
  2536 | Ossuary  | Entered an ossuary
  2560 | Ossuary  | Reached XP level 6. HP: 30/39 MP: 6/6
  2571 | Ossuary  | Reached skill level 1 in Dodging
  2647 | Ossuary  | Reached skill level 4 in Maces & Flails
  2772 | Ossuary  | Reached XP level 7. HP: 33/44 MP: 7/7
  2801 | Ossuary  | Reached skill level 5 in Maces & Flails
  2940 | Ossuary  | Reached skill level 5 in Fighting
  3025 | Ossuary  | Reached skill level 6 in Maces & Flails
  3065 | Ossuary  | Reached skill level 5 in Armour
  3065 | Ossuary  | Reached XP level 8. HP: 42/49 MP: 8/8
  3688 | D:4      | Killed kuniqs's ghost
  3728 | D:5      | Entered Level 5 of the Dungeon
  3767 | D:5      | Found a broken altar of Ashenzari.
  3778 | D:5      | Reached skill level 7 in Maces & Flails
  3990 | D:5      | Noticed a yak
  4000 | D:5      | Found a hazy altar of Hepliaklqana.
  4000 | D:5      | Found a transporter.
  4044 | D:5      | Found a transporter.
  4272 | D:5      | Noticed Eustachio
  4396 | D:5      | Killed Eustachio
  4483 | D:5      | Reached skill level 5 in Shields
  4579 | D:5      | Found a stormy altar of Qazlal.
  4582 | D:5      | Found a white marble altar of Elyvilon.
  4586 | D:5      | Found a glowing silver altar of Zin.
  4591 | D:5      | Found a hide-covered altar of Uskayaw.
  4894 | D:6      | Reached XP level 9. HP: 45/55 MP: 7/9
  5101 | D:6      | Reached skill level 8 in Maces & Flails
  5401 | D:6      | Found a staircase to the Ecumenical Temple.
  5565 | Temple   | Entered the Ecumenical Temple
  5814 | D:7      | Noticed Jeremiah
  6047 | D:7      | Found a flagged portal.
  6057 | D:7      | Reached skill level 9 in Maces & Flails
  6089 | Bailey   | Entered a bailey
  6176 | Bailey   | Noticed an orc warlord
  6275 | Bailey   | Noticed an orc knight
  6279 | Bailey   | Mangled by an orc knight

Illustrated notes

Levels and vault maps discovered:
D:1:      dpeg_arrival_shrine, layout_basic
D:2:      layout_basic
D:3:      minmay_roachtagon, layout_basic, mainiacjoe_overflow_catwalk,
          minivault_4
D:4:      layout_rooms, grunt_temple_overflow_growth_and_decay,
          lightli_ossuary_entry_decrepit_ruins, lightli_sewer_entry_pipes,
          gammafunk_ghost_grave
D:5:      layout_cave_pods, gammafunk_temple_overflow_arena, ashenzari_altar_1,
          nicolae_overflow_macrodata_refinement, uniq_eustachio
D:6:      layout_cave_pools, minmay_temple_entry_statues_fountains
D:7:      kennysheep_six_static_rooms, layout_layer_cave, enter_bailey_6,
          uniq_jeremiah
Temple:   hellmonk_temple_forest_ring
Bailey:   bailey_axe_bossmonster_kennysheep, bailey

Skill      XL: |  1  2  3  4  5  6  7  8  9 |
---------------+----------------------------+-----
Fighting       | 4 5 6 |  6.5
Stealth        | 1 |  1.2
Maces & Flails | 3 4 6 7 9 |  9.3
Armour         | 4 5 7 |  7.1
Dodging        | 1 2 3 |  3.5
Shields        | 4 5 |  5.6

Action                     |  1- 3 |  4- 6 |  7- 9 || total
---------------------------+-------+-------+-------++-------
  Melee: Flail             |   124 |   227 |   644 ||   995
 Armour: Scale mail        |   110 |   224 |   504 ||   838
         Chain mail        |       |       |   191 ||   191
         Plate armour      |       |       |    77 ||    77
  Dodge: Dodged            |    64 |   125 |   469 ||   658
  Block: Buckler           |    27 |    65 |   211 ||   303

Table legend: (Time is in decaauts)
 A = Elapsed time spent in this place.
 B = Non-inter-level travel time spent in this place.
 C = Inter-level travel time spent in this place.
 D = Time resting spent in this place.
 E = Time spent auto-exploring this place.
 F = Levels seen in this place.
 G = Mean time per level.
                   A        B        C        D        E       F      G
               +--------+--------+--------+--------+--------+-----+--------+
         Total |   6448 |   5767 |    681 |     51 |   3717 |  10 |  644.8 |
       Dungeon |   5501 |   4820 |    681 |      0 |   3293 |   7 |  785.9 |
        Temple |      4 |      4 |      0 |      0 |      0 |   1 |    4.0 |
       Ossuary |    755 |    755 |      0 |      0 |    424 |   1 |  755.0 |
        Bailey |    186 |    186 |      0 |     51 |      0 |   1 |  186.0 |
               +--------+--------+--------+--------+--------+-----+--------+

Top non-repeatable levels by time:
     D:5: 1097 daAuts
     D:6: 861 daAuts
     D:4: 859 daAuts
     D:1: 804 daAuts
     D:3: 803 daAuts
 Ossuary: 755 daAuts
     D:2: 684 daAuts
     D:7: 391 daAuts
  Bailey: 186 daAuts
  Temple: 4 daAuts
